[ AOE2 MATCH · #477286763 ]
UnrankedKhmer vs Romans
[ REPLAY ANALYSIS · EXTRACTED FROM THE RECORDED GAME ]
Feudal
14:38
Castle
17:39
Imperial
36:02
| APM avg | 14.0 |
| APM peak | 39 |
| eAPM avg | 11.4 |
| Villagers / military | 189 / 177 |
Focus
⚔️ 18.1% · 🌾 81.9%
Scout Cavalry ×115 · Scorpion ×27 · Ballista Elephant ×24 · Trade Cart ×19 · Mangonel ×6 · Trebuchet (Packed) ×5
Feudal
10:28
Castle
16:17
Imperial
31:34
| APM avg | 27.0 |
| APM peak | 82 |
| eAPM avg | 14.5 |
| Villagers / military | 134 / 235 |
Focus
⚔️ 40.6% · 🌾 59.4%
Scorpion ×225 · Trade Cart ×30 · Trebuchet (Packed) ×8 · Monk ×1 · Battering Ram ×1
Feudal
—
Castle
—
Imperial
—
| APM avg | 14.7 |
| APM peak | 43 |
| eAPM avg | 11.2 |
| Villagers / military | 175 / 302 |
Focus
⚔️ 31.2% · 🌾 68.8%
Steppe Lancer ×108 · Mangudai ×100 · Scout Cavalry ×41 · Camel Scout ×22 · Petard ×17 · Trade Cart ×11
Feudal
14:59
Castle
23:06
Imperial
33:28
| APM avg | 20.2 |
| APM peak | 136 |
| eAPM avg | 13.3 |
| Villagers / military | 126 / 205 |
Focus
⚔️ 31.7% · 🌾 68.3%
War Elephant ×194 · Trade Cart ×34 · Knight ×9 · Monk ×1 · Trebuchet (Packed) ×1
Feudal
10:19
Castle
18:55
Imperial
34:08
| APM avg | 15.3 |
| APM peak | 54 |
| eAPM avg | 9.1 |
| Villagers / military | 63 / 15 |
Focus
⚔️ 25.4% · 🌾 74.6%
Bombard Cannon ×13 · Monk ×2 · Trade Cart ×2
Feudal
11:55
Castle
23:34
Imperial
38:49
| APM avg | 14.0 |
| APM peak | 68 |
| eAPM avg | 9.3 |
| Villagers / military | 110 / 179 |
Focus
⚔️ 43.8% · 🌾 56.2%
Skirmisher ×52 · Archer ×35 · Knight ×28 · Scout Cavalry ×19 · Mangonel ×10 · Spearman ×10
Feudal
16:52
Castle
22:02
Imperial
35:30
| APM avg | 10.4 |
| APM peak | 65 |
| eAPM avg | 9.6 |
| Villagers / military | 102 / 189 |
Focus
⚔️ 44.6% · 🌾 55.4%
Spearman ×114 · Scorpion ×50 · Mangonel ×15 · Monk ×4 · Ballista Elephant ×4 · Trebuchet (Packed) ×2
Feudal
—
Castle
—
Imperial
—
| APM avg | 14.0 |
| APM peak | 55 |
| eAPM avg | 11.9 |
| Villagers / military | 98 / 330 |
Focus
⚔️ 58.5% · 🌾 41.5%
Militia ×164 · Scorpion ×101 · Spearman ×51 · Trebuchet (Packed) ×8 · Monk ×2 · Centurion ×2
Match map
Initial resources + every placement click. Lines = walls · curves = elevation contours. ◆ gold · ⬟ stone · ● berries · ✦ relic · ◌ wall gap
Your base· ✓ Closed at 17:39 · 35t walls · no gate
饥渴的右键's base· ✓ Closed at 16:17 · 9t walls · no gate
I3Legacy's base· ✓ Closed at 19:16 · 35t walls · 2 gate(s)
brunox.acosta's base· ✓ Closed at 23:06 · 0t walls · no gate
guillo's base· ✓ Closed at 18:55 · 0t walls · no gate
abraham-magallanes's base· ✓ Closed at 23:34 · 33t walls · 2 gate(s)
Rey Manco's base· ✓ Closed at 22:02 · 26t walls · 2 gate(s)
JAVIXVZLA's base· ✓ Closed at 19:10 · 25t walls · 1 gate(s)
Smoothed initial terrain · ◌ = detected wall gap · hover for details
Inputs per minute
— Antonio - - 饥渴的右键
Build order — Antonio
First 150 of 486 actions detected
| 0:04 | Create | Villager (Male) |
| 0:04 | Create | Villager (Male) |
| 0:04 | Create | Villager (Male) |
| 0:04 | Create | Villager (Male) |
| 0:09 | Build | House |
| 0:11 | Build | House |
| 0:19 | Research | Loom |
| 1:52 | Create | Villager (Male) |
| 1:53 | Create | Villager (Male) |
| 2:45 | Build | Lumber Camp |
| 3:01 | Create | Villager (Male) |
| 3:02 | Create | Villager (Male) |
| 3:04 | Create | Villager (Male) |
| 3:44 | Create | Villager (Male) |
| 3:50 | Build | House |
| 4:09 | Create | Villager (Male) |
| 4:28 | Create | Villager (Male) |
| 5:15 | Create | Villager (Male) |
| 5:16 | Create | Villager (Male) |
| 6:07 | Build | Mill |
| 6:09 | Create | Villager (Male) |
| 6:40 | Create | Villager (Male) |
| 7:24 | Create | Villager (Male) |
| 7:25 | Create | Villager (Male) |
| 7:25 | Create | Villager (Male) |
| 7:25 | Create | Villager (Male) |
| 7:26 | Create | Villager (Male) |
| 7:57 | Build | House |
| 8:55 | Build | Palisade Wall |
| 9:07 | Create | Villager (Male) |
| 9:07 | Create | Villager (Male) |
| 9:11 | Create | Villager (Male) |
| 9:45 | Build | Mining Camp |
| 9:54 | Create | Villager (Male) |
| 9:55 | Create | Villager (Male) |
| 10:02 | Build | House |
| 10:24 | Build | House |
| 10:44 | Build | Mill |
| 10:49 | Build | House |
| 10:52 | Build | House |
| 11:08 | Build | Mining Camp |
| 11:11 | Create | Villager (Male) |
| 11:21 | Research | Feudal Age |
| 11:35 | Build | Palisade Wall |
| 14:38 | Age | Feudal Age |
| 14:47 | Build | Stone Wall |
| 14:59 | Research | Castle Age |
| 15:11 | Build | Market |
| 16:09 | Research | Double-Bit Axe |
| 16:13 | Research | Horse Collar |
| 16:56 | Build | Lumber Camp |
| 17:07 | Research | Gold Mining |
| 17:22 | Build | House |
| 17:24 | Build | House |
| 17:26 | Build | House |
| 17:29 | Build | House |
| 17:31 | Build | House |
| 17:39 | Age | Castle Age |
| 17:50 | Build | Town Center |
| 18:18 | Research | Town Watch |
| 18:19 | Create | Villager (Male) |
| 18:20 | Create | Villager (Male) |
| 18:24 | Build | House |
| 18:29 | Build | Farm |
| 18:34 | Build | Farm |
| 18:38 | Build | Farm |
| 19:01 | Create | Villager (Male) |
| 19:42 | Build | Castle |
| 19:50 | Build | Farm |
| 19:52 | Create | Villager (Male) |
| 19:58 | Build | Farm |
| 20:32 | Create | Villager (Male) |
| 20:32 | Create | Villager (Male) |
| 20:33 | Create | Villager (Male) |
| 20:34 | Create | Villager (Male) |
| 20:39 | Build | House |
| 20:41 | Build | House |
| 20:55 | Create | Villager (Male) |
| 20:59 | Build | Farm |
| 21:02 | Build | Farm |
| 21:19 | Create | Villager (Male) |
| 21:32 | Build | Mining Camp |
| 21:35 | Create | Villager (Male) |
| 21:36 | Create | Villager (Male) |
| 21:58 | Create | Villager (Male) |
| 22:06 | Build | House |
| 22:09 | Build | House |
| 22:11 | Build | House |
| 22:22 | Build | Blacksmith |
| 22:49 | Create | Villager (Male) |
| 22:53 | Create | Villager (Male) |
| 22:54 | Create | Villager (Male) |
| 23:26 | Build | Stone Wall |
| 23:39 | Create | Villager (Male) |
| 23:40 | Create | Villager (Male) |
| 24:01 | Build | Stone Wall |
| 24:08 | Create | Villager (Male) |
| 24:16 | Build | Farm |
| 24:18 | Build | Farm |
| 24:19 | Build | Farm |
| 24:20 | Build | Farm |
| 24:29 | Create | Villager (Male) |
| 24:40 | Build | Lumber Camp |
| 24:44 | Build | Farm |
| 25:07 | Build | Gate |
| 25:24 | Create | Villager (Male) |
| 25:24 | Create | Villager (Male) |
| 25:53 | Create | Trade Cart |
| 25:54 | Create | Trade Cart |
| 25:56 | Create | Villager (Male) |
| 25:56 | Create | Villager (Male) |
| 25:57 | Create | Villager (Male) |
| 25:57 | Create | Villager (Male) |
| 26:11 | Research | Bow Saw |
| 26:14 | Research | Heavy Plow |
| 26:36 | Build | Town Center |
| 27:11 | Build | Castle |
| 27:18 | Create | Villager (Male) |
| 27:18 | Create | Villager (Male) |
| 27:19 | Create | Villager (Male) |
| 27:20 | Create | Villager (Male) |
| 27:20 | Create | Villager (Male) |
| 27:21 | Create | Villager (Male) |
| 27:21 | Create | Villager (Male) |
| 27:25 | Build | House |
| 27:30 | Research | Fletching |
| 27:41 | Build | University |
| 27:46 | Create | Villager (Male) |
| 28:10 | Create | Villager (Male) |
| 28:21 | Create | Villager (Male) |
| 28:22 | Create | Villager (Male) |
| 28:35 | Create | Trade Cart |
| 28:36 | Create | Trade Cart |
| 28:47 | Build | Farm |
| 28:48 | Build | Farm |
| 28:48 | Build | Farm |
| 28:54 | Research | Bodkin Arrow |
| 29:02 | Research | Murder Holes |
| 29:08 | Build | House |
| 29:10 | Build | House |
| 29:18 | Create | Villager (Male) |
| 29:18 | Create | Villager (Male) |
| 29:23 | Build | Farm |
| 29:24 | Build | Farm |
| 29:26 | Build | Farm |
| 29:37 | Build | Castle |
| 29:47 | Create | Villager (Male) |
| 29:48 | Create | Villager (Male) |
| 29:48 | Create | Villager (Male) |
| 29:49 | Create | Villager (Male) |
Build order — 饥渴的右键
First 150 of 549 actions detected
| 0:02 | Build | House |
| 0:04 | Build | House |
| 0:04 | Create | Villager (Male) |
| 0:05 | Create | Villager (Male) |
| 0:05 | Create | Villager (Male) |
| 0:05 | Create | Villager (Male) |
| 0:05 | Create | Villager (Male) |
| 1:29 | Create | Villager (Male) |
| 2:01 | Build | Palisade Wall |
| 2:36 | Build | Lumber Camp |
| 2:38 | Create | Villager (Male) |
| 2:38 | Create | Villager (Male) |
| 2:38 | Create | Villager (Male) |
| 3:06 | Create | Villager (Male) |
| 3:06 | Create | Villager (Male) |
| 3:41 | Create | Villager (Male) |
| 3:45 | Build | House |
| 4:31 | Create | Villager (Male) |
| 4:32 | Create | Villager (Male) |
| 4:32 | Create | Villager (Male) |
| 6:47 | Create | Villager (Male) |
| 6:48 | Create | Villager (Male) |
| 6:54 | Build | House |
| 7:30 | Build | Mill |
| 7:53 | Create | Villager (Male) |
| 8:13 | Research | Feudal Age |
| 9:08 | Create | Villager (Male) |
| 9:08 | Create | Villager (Male) |
| 10:28 | Age | Feudal Age |
| 10:58 | Build | Blacksmith |
| 11:14 | Build | Market |
| 11:19 | Create | Villager (Male) |
| 11:19 | Create | Villager (Male) |
| 11:47 | Build | House |
| 11:51 | Create | Villager (Male) |
| 12:16 | Create | Villager (Male) |
| 12:32 | Build | Farm |
| 12:36 | Build | Farm |
| 12:40 | Create | Villager (Male) |
| 13:37 | Research | Castle Age |
| 13:37 | Research | Castle Age |
| 13:49 | Build | Farm |
| 14:02 | Build | Lumber Camp |
| 14:06 | Create | Villager (Male) |
| 14:07 | Create | Villager (Male) |
| 14:19 | Build | Farm |
| 14:26 | Research | Double-Bit Axe |
| 15:05 | Build | Farm |
| 15:13 | Build | Farm |
| 15:21 | Build | House |
| 15:24 | Build | House |
| 15:42 | Build | Farm |
| 15:45 | Research | Horse Collar |
| 16:17 | Age | Castle Age |
| 16:20 | Build | Town Center |
| 16:51 | Build | Town Center |
| 17:04 | Build | Farm |
| 17:17 | Build | Farm |
| 18:21 | Build | Barracks |
| 18:41 | Build | Farm |
| 18:43 | Build | Farm |
| 18:51 | Create | Villager (Male) |
| 18:53 | Create | Villager (Male) |
| 18:56 | Create | Villager (Male) |
| 18:56 | Create | Villager (Male) |
| 18:56 | Create | Villager (Male) |
| 18:57 | Create | Villager (Male) |
| 18:57 | Create | Villager (Male) |
| 18:58 | Create | Villager (Male) |
| 18:59 | Create | Villager (Male) |
| 19:00 | Create | Villager (Male) |
| 19:00 | Create | Villager (Male) |
| 19:05 | Build | Farm |
| 19:06 | Build | Farm |
| 19:20 | Create | Villager (Male) |
| 19:21 | Create | Villager (Male) |
| 19:21 | Create | Villager (Male) |
| 19:23 | Create | Villager (Male) |
| 19:23 | Create | Villager (Male) |
| 19:28 | Build | Farm |
| 19:52 | Build | Siege Workshop |
| 20:20 | Build | Farm |
| 20:24 | Research | Bow Saw |
| 20:35 | Create | Villager (Male) |
| 20:36 | Create | Villager (Male) |
| 20:37 | Create | Villager (Male) |
| 20:41 | Build | Farm |
| 20:43 | Build | Farm |
| 20:56 | Create | Villager (Male) |
| 20:58 | Create | Villager (Male) |
| 20:59 | Create | Villager (Male) |
| 21:06 | Build | Farm |
| 21:27 | Create | Villager (Male) |
| 21:27 | Create | Villager (Male) |
| 21:28 | Create | Villager (Male) |
| 21:31 | Build | Farm |
| 21:52 | Build | Mining Camp |
| 21:57 | Build | House |
| 22:00 | Build | House |
| 22:01 | Build | House |
| 22:02 | Build | House |
| 22:08 | Research | Wheelbarrow |
| 22:15 | Build | Farm |
| 22:16 | Research | Heavy Plow |
| 22:32 | Create | Villager (Male) |
| 22:32 | Create | Villager (Male) |
| 22:33 | Create | Villager (Male) |
| 22:34 | Create | Villager (Male) |
| 22:54 | Create | Villager (Male) |
| 23:01 | Build | Farm |
| 23:04 | Create | Villager (Male) |
| 23:07 | Create | Villager (Male) |
| 23:29 | Build | Farm |
| 23:30 | Create | Villager (Male) |
| 23:32 | Create | Villager (Male) |
| 23:32 | Create | Villager (Male) |
| 23:35 | Create | Villager (Male) |
| 23:52 | Build | Farm |
| 23:55 | Build | Farm |
| 23:59 | Build | Farm |
| 24:07 | Create | Battering Ram |
| 24:17 | Build | Farm |
| 24:30 | Build | House |
| 24:31 | Build | House |
| 24:32 | Build | House |
| 24:33 | Build | House |
| 24:34 | Build | House |
| 24:36 | Build | House |
| 24:37 | Build | House |
| 24:38 | Build | House |
| 24:42 | Build | Farm |
| 24:45 | Build | Farm |
| 24:46 | Create | Villager (Male) |
| 24:46 | Create | Villager (Male) |
| 24:47 | Create | Villager (Male) |
| 24:48 | Create | Villager (Male) |
| 24:48 | Create | Villager (Male) |
| 24:48 | Create | Villager (Male) |
| 24:49 | Create | Villager (Male) |
| 24:49 | Create | Villager (Male) |
| 24:49 | Create | Villager (Male) |
| 24:59 | Build | Farm |
| 25:06 | Build | Farm |
| 25:29 | Build | Town Center |
| 25:40 | Build | Farm |
| 25:48 | Research | Hand Cart |
| 25:54 | Research | Loom |
| 26:02 | Create | Villager (Male) |
| 26:02 | Create | Villager (Male) |
| 26:04 | Create | Villager (Male) |
Build order — I3Legacy
First 150 of 382 actions detected
| 0:00 | Research | Loom |
| 0:01 | Create | Villager (Male) |
| 0:01 | Create | Villager (Male) |
| 0:01 | Create | Villager (Male) |
| 0:02 | Create | Villager (Male) |
| 0:08 | Build | House |
| 0:26 | Build | Palisade Wall |
| 1:38 | Build | Palisade Wall |
| 2:16 | Build | House |
| 2:18 | Build | House |
| 2:19 | Build | House |
| 2:25 | Build | House |
| 2:54 | Create | Villager (Male) |
| 3:48 | Create | Villager (Male) |
| 4:30 | Create | Villager (Male) |
| 4:51 | Create | Villager (Male) |
| 5:19 | Create | Villager (Male) |
| 5:52 | Create | Villager (Male) |
| 5:52 | Create | Villager (Male) |
| 5:59 | Create | Villager (Male) ×2 |
| 6:47 | Build | Mill |
| 6:52 | Create | Villager (Male) ×2 |
| 7:26 | Create | Villager (Male) ×2 |
| 8:24 | Create | Villager (Male) |
| 8:35 | Create | Villager (Male) ×5 |
| 9:25 | Build | Mill |
| 9:36 | Build | Lumber Camp |
| 10:35 | Research | Feudal Age |
| 10:54 | Build | House |
| 10:54 | Build | House |
| 10:55 | Build | House |
| 12:07 | Create | Villager (Male) ×5 |
| 12:10 | Create | Villager (Male) |
| 13:04 | Research | Double-Bit Axe |
| 13:05 | Research | Horse Collar |
| 13:10 | Build | Watch Tower |
| 13:23 | Create | Villager (Male) |
| 13:24 | Create | Villager (Male) |
| 13:32 | Build | Mining Camp |
| 14:33 | Research | Gold Mining |
| 14:33 | Research | Stone Mining |
| 15:06 | Build | Market |
| 15:08 | Build | Blacksmith |
| 15:23 | Research | Wheelbarrow |
| 15:57 | Build | House |
| 15:58 | Build | House |
| 15:59 | Build | House |
| 16:10 | Build | Stone Wall |
| 16:11 | Build | Gate |
| 16:12 | Build | Gate |
| 16:38 | Build | Barracks |
| 18:00 | Create | Trade Cart |
| 18:40 | Build | Archery Range |
| 18:45 | Create | Trade Cart |
| 19:01 | Build | Farm |
| 19:03 | Build | Farm |
| 19:04 | Build | Farm |
| 19:05 | Build | Farm |
| 19:06 | Build | Farm |
| 19:07 | Build | Farm |
| 19:16 | Research | Castle Age |
| 19:16 | Research | Castle Age |
| 19:25 | Build | Farm |
| 21:10 | Build | Farm |
| 21:11 | Build | Farm |
| 21:12 | Build | Farm |
| 21:13 | Build | Farm |
| 21:14 | Build | Farm |
| 21:15 | Build | Farm |
| 21:16 | Build | Farm |
| 21:17 | Build | Farm |
| 22:03 | Build | Monastery |
| 22:10 | Research | Town Watch |
| 22:22 | Create | Monk |
| 22:23 | Research | Fervor |
| 22:28 | Create | Monk |
| 22:38 | Create | Villager (Male) ×5 |
| 22:39 | Create | Villager (Male) ×5 |
| 22:39 | Create | Villager (Male) ×2 |
| 23:40 | Build | Town Center |
| 23:55 | Build | Farm |
| 24:21 | Build | Farm |
| 24:37 | Create | Villager (Male) ×5 |
| 24:37 | Create | Villager (Male) ×4 |
| 25:03 | Build | Town Center |
| 25:18 | Build | Farm |
| 25:47 | Create | Villager (Male) ×5 |
| 25:47 | Create | Villager (Male) ×2 |
| 26:05 | Build | Farm |
| 26:26 | Build | Farm |
| 26:39 | Build | Farm |
| 26:44 | Research | Caravan |
| 26:51 | Build | Farm |
| 27:08 | Build | Castle |
| 27:17 | Build | House |
| 27:17 | Build | House |
| 27:18 | Build | House |
| 27:18 | Build | House |
| 27:19 | Build | House |
| 27:21 | Build | House |
| 27:21 | Build | House |
| 27:21 | Build | House |
| 27:22 | Build | House |
| 27:22 | Build | House |
| 27:26 | Build | Farm |
| 27:28 | Build | House |
| 27:33 | Create | Villager (Male) ×5 |
| 27:33 | Create | Villager (Male) |
| 27:36 | Build | House |
| 27:37 | Build | House |
| 27:37 | Build | House |
| 27:49 | Build | Farm |
| 28:15 | Build | Farm |
| 28:23 | Create | Villager (Male) ×5 |
| 28:45 | Research | Hand Cart |
| 29:05 | Build | Farm |
| 29:08 | Research | Bow Saw |
| 29:19 | Build | Mining Camp |
| 29:24 | Create | Villager (Male) ×5 |
| 29:24 | Create | Villager (Male) |
| 29:27 | Build | Farm |
| 29:41 | Research | Gold Shaft Mining |
| 29:55 | Research | Stone Shaft Mining |
| 29:58 | Build | Farm |
| 30:23 | Build | Farm |
| 30:30 | Build | House |
| 30:31 | Build | House |
| 30:32 | Build | House |
| 30:49 | Build | Farm |
| 30:52 | Build | Farm |
| 31:03 | Research | Imperial Age |
| 31:16 | Research | Heavy Plow |
| 31:30 | Build | Mining Camp |
| 31:40 | Build | Siege Workshop |
| 31:50 | Create | Villager (Male) ×5 |
| 31:50 | Create | Villager (Male) ×2 |
| 32:10 | Build | Mining Camp |
| 32:23 | Research | Forging |
| 32:26 | Research | Scale Barding Armor |
| 32:28 | Research | Fletching |
| 32:31 | Build | Blacksmith |
| 32:46 | Build | Stable |
| 32:56 | Build | House |
| 32:57 | Build | House |
| 32:58 | Build | House |
| 32:58 | Build | House |
| 32:59 | Build | House |
| 33:16 | Create | Mangudai ×5 |
| 33:16 | Create | Mangudai |
| 33:17 | Create | Mangudai |
Build order — brunox.acosta
First 150 of 584 actions detected
| 0:05 | Build | House |
| 0:06 | Build | House |
| 0:07 | Build | House |
| 0:09 | Research | Loom |
| 0:10 | Create | Villager (Male) |
| 0:10 | Create | Villager (Male) |
| 0:10 | Create | Villager (Male) |
| 0:11 | Create | Villager (Male) |
| 0:11 | Create | Villager (Male) |
| 0:11 | Create | Villager (Male) |
| 0:11 | Create | Villager (Male) |
| 1:46 | Create | Villager (Male) |
| 2:20 | Build | House |
| 2:40 | Create | Villager (Male) |
| 3:01 | Create | Villager (Male) |
| 3:02 | Create | Villager (Male) |
| 3:42 | Create | Villager (Male) |
| 3:42 | Create | Villager (Male) |
| 3:42 | Create | Villager (Male) |
| 4:05 | Create | Villager (Male) |
| 5:06 | Create | Villager (Male) |
| 5:07 | Create | Villager (Male) |
| 5:07 | Create | Villager (Male) |
| 5:07 | Create | Villager (Male) |
| 6:34 | Create | Villager (Male) |
| 6:34 | Create | Villager (Male) |
| 6:34 | Create | Villager (Male) |
| 6:35 | Create | Villager (Male) |
| 6:35 | Create | Villager (Male) |
| 6:40 | Build | House |
| 6:42 | Build | House |
| 7:48 | Build | Lumber Camp |
| 7:52 | Create | Villager (Male) |
| 7:53 | Create | Villager (Male) |
| 8:03 | Build | Mill |
| 8:15 | Create | Villager (Male) |
| 8:47 | Create | Villager (Male) |
| 9:03 | Build | Mill |
| 9:11 | Create | Villager (Male) |
| 9:40 | Create | Villager (Male) |
| 9:47 | Build | House |
| 9:48 | Build | House |
| 9:49 | Build | House |
| 10:31 | Create | Villager (Male) |
| 10:55 | Build | Farm |
| 11:15 | Create | Villager (Male) |
| 11:17 | Create | Villager (Male) |
| 11:48 | Build | Farm |
| 11:59 | Build | House |
| 12:00 | Build | House |
| 12:01 | Build | House |
| 12:06 | Create | Villager (Male) |
| 12:26 | Create | Villager (Male) |
| 12:27 | Research | Feudal Age |
| 13:24 | Build | Mining Camp |
| 14:14 | Build | Mill |
| 14:28 | Create | Villager (Male) |
| 14:39 | Create | Villager (Male) |
| 14:40 | Create | Villager (Male) |
| 14:59 | Build | Farm |
| 14:59 | Age | Feudal Age |
| 14:59 | Build | Farm |
| 14:59 | Build | Farm |
| 15:00 | Build | Farm |
| 15:08 | Build | Farm |
| 15:08 | Build | Farm |
| 15:09 | Build | Farm |
| 15:12 | Research | Horse Collar |
| 15:14 | Research | Double-Bit Axe |
| 15:18 | Create | Villager (Male) |
| 15:18 | Create | Villager (Male) |
| 16:06 | Create | Villager (Male) |
| 16:23 | Build | Market |
| 16:27 | Build | Farm |
| 16:27 | Build | Farm |
| 16:28 | Build | Farm |
| 16:28 | Build | Farm |
| 16:29 | Build | Farm |
| 16:29 | Build | Farm |
| 16:30 | Build | Farm |
| 16:30 | Build | Farm |
| 16:35 | Create | Villager (Male) |
| 16:36 | Create | Villager (Male) |
| 16:44 | Create | Villager (Male) |
| 16:44 | Create | Villager (Male) |
| 17:07 | Build | Farm |
| 17:22 | Build | Blacksmith |
| 17:28 | Create | Villager (Male) |
| 18:04 | Create | Villager (Male) |
| 18:27 | Create | Villager (Male) |
| 18:50 | Build | Farm |
| 19:14 | Create | Villager (Male) |
| 19:37 | Create | Villager (Male) |
| 19:42 | Research | Castle Age |
| 19:58 | Build | Mill |
| 20:03 | Build | Farm |
| 20:04 | Build | Farm |
| 20:04 | Build | Farm |
| 20:05 | Build | Farm |
| 21:12 | Create | Villager (Male) |
| 21:27 | Build | House |
| 21:28 | Build | House |
| 21:31 | Build | House |
| 21:33 | Build | House |
| 21:34 | Build | House |
| 21:35 | Build | House |
| 21:36 | Build | House |
| 21:38 | Build | House |
| 21:40 | Build | House |
| 21:41 | Build | House |
| 22:27 | Build | Mining Camp |
| 22:52 | Create | Trade Cart |
| 22:54 | Create | Trade Cart |
| 22:56 | Create | Trade Cart |
| 23:00 | Create | Trade Cart |
| 23:06 | Age | Castle Age |
| 23:11 | Research | Bow Saw |
| 23:14 | Research | Heavy Plow |
| 23:19 | Create | Villager (Male) |
| 23:20 | Create | Villager (Male) |
| 23:48 | Build | Town Center |
| 24:00 | Create | Villager (Male) |
| 24:00 | Create | Villager (Male) |
| 24:01 | Create | Villager (Male) |
| 24:42 | Create | Villager (Male) |
| 24:43 | Create | Villager (Male) |
| 24:43 | Create | Villager (Male) |
| 24:55 | Build | Farm |
| 24:58 | Create | Villager (Male) |
| 24:58 | Create | Villager (Male) |
| 24:59 | Create | Villager (Male) |
| 24:59 | Create | Villager (Male) |
| 24:59 | Create | Villager (Male) |
| 25:03 | Create | Villager (Male) |
| 25:04 | Create | Villager (Male) |
| 25:04 | Create | Villager (Male) |
| 25:27 | Build | Town Center |
| 25:30 | Create | Villager (Male) |
| 25:35 | Build | Farm |
| 25:47 | Build | Farm |
| 26:00 | Build | Lumber Camp |
| 26:07 | Build | Farm |
| 26:28 | Create | Villager (Male) |
| 26:33 | Build | Monastery |
| 26:36 | Build | University |
| 26:43 | Create | Villager (Male) |
| 26:48 | Create | Villager (Male) |
| 26:51 | Build | Farm |
| 27:10 | Build | House |
| 27:12 | Build | House |
Build order — guillo
First 150 of 182 actions detected
| 0:08 | Build | House |
| 0:09 | Build | House |
| 0:10 | Create | Villager (Male) |
| 0:10 | Create | Villager (Male) |
| 0:12 | Research | Loom |
| 0:12 | Create | Villager (Male) |
| 0:13 | Create | Villager (Male) |
| 0:13 | Create | Villager (Male) |
| 2:07 | Create | Villager (Male) |
| 2:20 | Create | Villager (Male) |
| 2:52 | Create | Villager (Male) |
| 3:21 | Create | Villager (Male) |
| 3:58 | Create | Villager (Male) |
| 4:04 | Build | Lumber Camp |
| 4:30 | Build | Mill |
| 4:32 | Create | Villager (Male) |
| 4:33 | Create | Villager (Male) |
| 5:38 | Create | Villager (Male) |
| 5:43 | Build | House |
| 6:01 | Build | House |
| 6:08 | Create | Villager (Male) |
| 7:13 | Create | Villager (Male) |
| 7:39 | Create | Villager (Male) |
| 8:09 | Research | Feudal Age |
| 9:55 | Create | Villager (Male) |
| 9:55 | Create | Villager (Male) |
| 10:19 | Age | Feudal Age |
| 10:48 | Build | Mining Camp |
| 10:50 | Create | Villager (Male) |
| 11:36 | Create | Villager (Male) |
| 11:41 | Create | Villager (Male) |
| 11:47 | Build | House |
| 11:50 | Build | House |
| 12:12 | Create | Villager (Male) |
| 13:03 | Create | Villager (Male) |
| 13:20 | Build | Farm |
| 13:20 | Build | Farm |
| 13:21 | Build | Farm |
| 13:21 | Build | Farm |
| 13:29 | Create | Villager (Male) |
| 13:39 | Research | Gold Mining |
| 13:45 | Research | Double-Bit Axe |
| 13:48 | Research | Horse Collar |
| 13:55 | Create | Villager (Male) |
| 14:33 | Build | Blacksmith |
| 14:45 | Build | Market |
| 15:25 | Create | Villager (Male) |
| 15:25 | Create | Villager (Male) |
| 15:28 | Research | Castle Age |
| 16:30 | Build | Mining Camp |
| 16:33 | Research | Stone Mining |
| 16:39 | Create | Villager (Male) |
| 16:40 | Create | Villager (Male) |
| 16:40 | Create | Villager (Male) |
| 16:40 | Create | Villager (Male) |
| 17:16 | Build | Watch Tower |
| 17:20 | Research | Fletching |
| 18:55 | Age | Castle Age |
| 18:56 | Build | House |
| 18:58 | Build | House |
| 18:59 | Build | House |
| 19:01 | Build | House |
| 19:16 | Build | Watch Tower |
| 20:20 | Build | University |
| 20:21 | Research | Bodkin Arrow |
| 20:25 | Build | Farm |
| 20:25 | Build | Farm |
| 20:25 | Build | Farm |
| 20:28 | Create | Villager (Male) |
| 20:29 | Create | Villager (Male) |
| 20:35 | Research | Bow Saw |
| 21:05 | Create | Villager (Male) |
| 21:06 | Create | Villager (Male) |
| 21:51 | Build | Siege Workshop |
| 22:28 | Build | Farm |
| 22:28 | Build | Farm |
| 22:30 | Build | Farm |
| 22:39 | Create | Villager (Male) |
| 22:40 | Create | Villager (Male) |
| 23:09 | Build | Farm |
| 23:27 | Create | Villager (Male) |
| 23:36 | Research | Guard Tower (upgrade) |
| 23:46 | Create | Villager (Male) |
| 24:35 | Research | Ballistics |
| 24:45 | Create | Villager (Male) |
| 24:45 | Create | Villager (Male) |
| 25:15 | Build | Monastery |
| 25:28 | Create | Villager (Male) |
| 25:38 | Build | Farm |
| 25:42 | Research | Heavy Plow |
| 26:07 | Create | Monk |
| 26:09 | Build | Farm |
| 26:12 | Build | Farm |
| 26:14 | Create | Monk |
| 26:28 | Create | Villager (Male) |
| 26:28 | Create | Villager (Male) |
| 26:56 | Build | Farm |
| 27:28 | Build | Farm |
| 27:44 | Build | Mining Camp |
| 28:05 | Research | Wheelbarrow |
| 28:54 | Build | Town Center |
| 29:54 | Create | Trade Cart |
| 29:55 | Create | Trade Cart |
| 29:56 | Research | Caravan |
| 30:03 | Research | Hand Cart |
| 30:35 | Research | Imperial Age |
| 31:23 | Create | Villager (Male) |
| 31:23 | Create | Villager (Male) |
| 31:24 | Create | Villager (Male) |
| 32:23 | Build | Gate |
| 32:31 | Build | Stone Wall |
| 32:42 | Build | Stone Wall |
| 33:07 | Research | Town Watch |
| 33:54 | Build | Castle |
| 34:04 | Build | Siege Workshop |
| 34:08 | Age | Imperial Age |
| 34:26 | Research | Chemistry |
| 34:26 | Research | Keep (upgrade) |
| 34:36 | Create | Villager (Male) |
| 34:36 | Create | Villager (Male) |
| 34:36 | Create | Villager (Male) |
| 34:40 | Create | Villager (Male) |
| 34:40 | Create | Villager (Male) |
| 34:41 | Create | Villager (Male) |
| 35:16 | Build | Siege Workshop |
| 35:51 | Build | Watch Tower |
| 36:01 | Build | Farm |
| 36:02 | Build | Farm |
| 36:02 | Build | Farm |
| 36:05 | Build | Farm |
| 36:06 | Build | Farm |
| 36:06 | Build | Farm |
| 36:10 | Research | Bombard Tower (upgrade) |
| 36:31 | Create | Bombard Cannon |
| 36:32 | Create | Bombard Cannon |
| 36:33 | Create | Bombard Cannon |
| 36:33 | Create | Bombard Cannon |
| 36:36 | Create | Bombard Cannon |
| 39:02 | Build | Bombard Tower |
| 42:41 | Build | Mining Camp |
| 42:57 | Build | Castle |
| 44:47 | Build | Bombard Tower |
| 45:19 | Build | Watch Tower |
| 45:33 | Build | Siege Workshop |
| 45:35 | Build | Siege Workshop |
| 47:06 | Create | Villager (Male) |
| 47:06 | Create | Villager (Male) |
| 47:07 | Create | Villager (Male) |
| 47:07 | Create | Villager (Male) |
| 47:07 | Create | Villager (Male) |
Build order — abraham-magallanes
First 150 of 380 actions detected
| 0:04 | Build | House |
| 0:05 | Build | House |
| 0:15 | Create | Villager (Male) ×4 |
| 0:15 | Create | Villager (Male) ×4 |
| 0:42 | Build | Palisade Wall |
| 1:11 | Build | Palisade Gate |
| 2:38 | Create | Villager (Male) ×2 |
| 2:39 | Create | Villager (Male) ×2 |
| 3:34 | Create | Villager (Male) |
| 3:34 | Create | Villager (Male) |
| 3:34 | Create | Villager (Male) |
| 3:34 | Create | Villager (Male) |
| 4:16 | Create | Villager (Male) |
| 4:16 | Create | Villager (Male) |
| 4:36 | Build | Lumber Camp |
| 5:13 | Build | Palisade Wall |
| 5:37 | Create | Villager (Male) |
| 5:37 | Create | Villager (Male) |
| 6:28 | Build | House |
| 6:55 | Research | Loom |
| 7:32 | Create | Villager (Male) |
| 7:33 | Create | Villager (Male) |
| 7:33 | Create | Villager (Male) |
| 7:33 | Create | Villager (Male) |
| 7:54 | Create | Villager (Male) |
| 7:54 | Create | Villager (Male) |
| 8:05 | Build | Mill |
| 9:45 | Research | Feudal Age |
| 10:43 | Create | Villager (Male) |
| 10:43 | Create | Villager (Male) |
| 10:44 | Create | Villager (Male) |
| 10:55 | Build | Mining Camp |
| 11:51 | Build | House |
| 11:52 | Build | House |
| 11:55 | Age | Feudal Age |
| 12:04 | Research | Town Watch |
| 12:05 | Create | Villager (Male) |
| 12:05 | Create | Villager (Male) |
| 12:05 | Create | Villager (Male) |
| 12:05 | Create | Villager (Male) |
| 13:06 | Create | Villager (Male) |
| 13:06 | Create | Villager (Male) |
| 13:16 | Build | Blacksmith |
| 13:26 | Build | Market |
| 13:33 | Create | Villager (Male) |
| 14:01 | Create | Villager (Male) |
| 14:13 | Create | Villager (Male) |
| 14:52 | Create | Villager (Male) |
| 15:12 | Build | House |
| 15:20 | Build | House |
| 15:34 | Create | Villager (Male) |
| 15:34 | Create | Villager (Male) |
| 15:43 | Build | Barracks |
| 15:59 | Build | Mining Camp |
| 16:27 | Build | Watch Tower |
| 16:55 | Build | Archery Range |
| 17:12 | Build | Farm |
| 17:13 | Build | Farm |
| 17:13 | Build | Farm |
| 17:13 | Build | Farm |
| 17:13 | Build | Farm |
| 17:14 | Build | Farm |
| 17:14 | Build | Farm |
| 17:14 | Build | Farm |
| 17:14 | Build | Farm |
| 17:15 | Build | Farm |
| 17:15 | Build | Farm |
| 17:15 | Build | Farm |
| 18:04 | Build | Farm |
| 18:11 | Build | Farm |
| 18:14 | Create | Villager (Male) |
| 18:15 | Create | Villager (Male) |
| 18:25 | Create | Archer |
| 18:26 | Create | Archer |
| 18:26 | Create | Archer |
| 18:27 | Create | Archer |
| 18:30 | Research | Man-at-Arms (upgrade) |
| 18:31 | Create | Militia |
| 18:31 | Create | Militia |
| 18:31 | Create | Militia |
| 18:31 | Create | Militia |
| 18:57 | Build | Stone Wall |
| 19:14 | Build | Stone Wall |
| 19:29 | Build | Gate |
| 19:52 | Create | Villager (Male) |
| 20:24 | Build | Farm |
| 20:24 | Build | Farm |
| 20:24 | Build | Farm |
| 20:25 | Build | Farm |
| 20:25 | Build | Farm |
| 20:25 | Build | Farm |
| 20:25 | Build | Farm |
| 20:25 | Build | Farm |
| 20:26 | Build | Farm |
| 20:26 | Build | Farm |
| 20:48 | Create | Archer |
| 20:48 | Create | Archer |
| 20:54 | Research | Castle Age |
| 21:00 | Build | House |
| 21:01 | Build | House |
| 21:02 | Build | House |
| 21:26 | Build | Stone Wall |
| 21:51 | Create | Villager (Male) |
| 21:52 | Create | Villager (Male) |
| 21:52 | Create | Villager (Male) |
| 22:02 | Build | Mining Camp |
| 22:05 | Research | Fletching |
| 22:13 | Research | Double-Bit Axe |
| 22:31 | Research | Horse Collar |
| 22:42 | Build | Farm |
| 22:47 | Create | Archer |
| 23:21 | Research | Wheelbarrow |
| 23:22 | Create | Villager (Male) |
| 23:23 | Create | Villager (Male) |
| 23:23 | Create | Villager (Male) |
| 23:34 | Age | Castle Age |
| 23:56 | Build | Town Center |
| 24:08 | Build | Town Center |
| 24:29 | Research | Gold Mining |
| 24:45 | Research | Pikeman (upgrade) |
| 24:46 | Create | Spearman |
| 24:47 | Create | Spearman |
| 24:47 | Create | Spearman |
| 24:47 | Create | Spearman |
| 24:54 | Create | Villager (Male) |
| 24:54 | Create | Villager (Male) |
| 25:26 | Create | Villager (Male) |
| 26:13 | Build | House |
| 26:14 | Build | House |
| 26:15 | Build | House |
| 26:23 | Build | House |
| 26:25 | Build | House |
| 26:26 | Build | House |
| 26:39 | Research | Town Patrol |
| 26:40 | Create | Villager (Male) |
| 26:40 | Create | Villager (Male) |
| 26:40 | Create | Villager (Male) |
| 26:53 | Research | Crossbowman (upgrade) |
| 27:21 | Create | Villager (Male) |
| 27:21 | Create | Villager (Male) |
| 27:22 | Create | Villager (Male) |
| 27:28 | Create | Villager (Male) |
| 27:28 | Create | Villager (Male) |
| 27:35 | Create | Villager (Male) |
| 27:35 | Create | Villager (Male) |
| 27:35 | Create | Villager (Male) |
| 27:47 | Build | Farm |
| 28:06 | Build | Farm |
| 28:25 | Build | Farm |
| 28:27 | Create | Villager (Male) ×4 |
Build order — Rey Manco
First 150 of 416 actions detected
| 0:04 | Create | Villager (Male) |
| 0:05 | Research | Loom |
| 0:06 | Create | Villager (Male) |
| 0:06 | Create | Villager (Male) |
| 0:07 | Create | Villager (Male) |
| 0:10 | Build | House |
| 0:12 | Build | House |
| 1:57 | Build | Palisade Wall |
| 2:08 | Build | Palisade Wall |
| 3:00 | Build | Lumber Camp |
| 3:17 | Create | Villager (Male) |
| 4:32 | Build | Palisade Gate |
| 4:46 | Build | Palisade Gate |
| 4:51 | Create | Villager (Male) |
| 4:51 | Create | Villager (Male) |
| 4:51 | Create | Villager (Male) |
| 5:26 | Build | House |
| 5:59 | Create | Villager (Male) |
| 6:00 | Create | Villager (Male) |
| 6:49 | Build | Palisade Wall |
| 7:08 | Create | Villager (Male) |
| 7:09 | Create | Villager (Male) |
| 7:09 | Create | Villager (Male) |
| 7:10 | Create | Villager (Male) |
| 8:04 | Create | Villager (Male) |
| 8:04 | Create | Villager (Male) |
| 8:17 | Build | House |
| 8:18 | Build | House |
| 8:19 | Build | House |
| 8:45 | Create | Villager (Male) |
| 8:45 | Create | Villager (Male) |
| 8:45 | Create | Villager (Male) |
| 8:45 | Create | Villager (Male) |
| 10:10 | Build | Mill |
| 10:21 | Create | Villager (Male) |
| 10:21 | Create | Villager (Male) |
| 11:29 | Create | Villager (Male) |
| 11:30 | Create | Villager (Male) |
| 12:09 | Build | Mining Camp |
| 14:12 | Create | Villager (Male) |
| 14:42 | Research | Feudal Age |
| 15:36 | Build | Mill |
| 16:26 | Create | Villager (Male) |
| 16:27 | Create | Villager (Male) |
| 16:28 | Create | Villager (Male) |
| 16:28 | Create | Villager (Male) |
| 16:29 | Create | Villager (Male) |
| 16:29 | Create | Villager (Male) |
| 16:52 | Age | Feudal Age |
| 17:42 | Build | Lumber Camp |
| 17:53 | Build | Mining Camp |
| 18:44 | Research | Castle Age |
| 20:04 | Research | Stone Mining |
| 21:06 | Build | Mining Camp |
| 21:22 | Build | Mining Camp |
| 21:36 | Research | Gold Mining |
| 21:41 | Research | Double-Bit Axe |
| 21:45 | Research | Horse Collar |
| 21:51 | Create | Villager (Male) |
| 21:52 | Create | Villager (Male) |
| 21:52 | Create | Villager (Male) |
| 21:53 | Create | Villager (Male) |
| 21:53 | Create | Villager (Male) |
| 22:02 | Age | Castle Age |
| 22:32 | Build | Farm |
| 22:33 | Build | Farm |
| 22:33 | Build | Farm |
| 22:34 | Build | Farm |
| 22:35 | Build | Farm |
| 22:35 | Build | Farm |
| 22:36 | Build | Farm |
| 22:36 | Build | Farm |
| 22:37 | Build | Farm |
| 22:38 | Build | Farm |
| 22:38 | Build | Farm |
| 22:39 | Build | Farm |
| 22:40 | Build | Farm |
| 22:41 | Build | Farm |
| 23:02 | Build | House |
| 23:04 | Build | House |
| 23:11 | Build | House |
| 23:17 | Build | House |
| 23:24 | Build | House |
| 24:09 | Create | Villager (Male) |
| 24:09 | Create | Villager (Male) |
| 24:11 | Create | Villager (Male) |
| 24:11 | Create | Villager (Male) |
| 24:16 | Build | Farm |
| 24:17 | Build | Farm |
| 24:19 | Build | Farm |
| 24:20 | Build | Farm |
| 24:21 | Build | Farm |
| 24:30 | Build | Farm |
| 24:37 | Build | Farm |
| 25:06 | Create | Villager (Male) |
| 25:06 | Create | Villager (Male) |
| 25:34 | Research | Stone Shaft Mining |
| 25:56 | Build | Castle |
| 25:59 | Build | Castle |
| 26:42 | Create | Villager (Male) |
| 26:42 | Create | Villager (Male) |
| 26:43 | Create | Villager (Male) |
| 26:43 | Create | Villager (Male) |
| 26:44 | Create | Villager (Male) |
| 26:44 | Create | Villager (Male) |
| 26:44 | Create | Villager (Male) |
| 26:46 | Create | Villager (Male) |
| 26:52 | Research | Gold Shaft Mining |
| 27:15 | Research | Bow Saw |
| 27:28 | Build | Town Center |
| 29:27 | Build | Town Center |
| 29:37 | Create | Villager (Male) |
| 29:37 | Create | Villager (Male) |
| 29:38 | Create | Villager (Male) |
| 29:38 | Create | Villager (Male) |
| 29:38 | Create | Villager (Male) |
| 29:42 | Create | Villager (Male) |
| 29:48 | Build | University |
| 29:59 | Create | Villager (Male) |
| 29:59 | Create | Villager (Male) |
| 30:00 | Create | Villager (Male) |
| 30:00 | Create | Villager (Male) |
| 30:01 | Create | Villager (Male) |
| 30:01 | Create | Villager (Male) |
| 30:01 | Create | Villager (Male) |
| 30:09 | Create | Villager (Male) |
| 30:09 | Create | Villager (Male) |
| 30:10 | Create | Villager (Male) |
| 30:35 | Build | Mining Camp |
| 30:48 | Build | Blacksmith |
| 30:53 | Research | Heavy Plow |
| 32:20 | Research | Imperial Age |
| 33:56 | Create | Villager (Male) |
| 33:56 | Create | Villager (Male) |
| 33:56 | Create | Villager (Male) |
| 33:57 | Create | Villager (Male) |
| 33:57 | Create | Villager (Male) |
| 33:58 | Create | Villager (Male) |
| 33:58 | Create | Villager (Male) |
| 33:58 | Create | Villager (Male) |
| 33:59 | Create | Villager (Male) |
| 34:04 | Build | Farm |
| 34:05 | Build | Farm |
| 34:06 | Build | Farm |
| 34:10 | Build | Farm |
| 34:11 | Build | Farm |
| 34:14 | Build | Farm |
| 34:15 | Build | Farm |
| 34:49 | Build | Mining Camp |
| 34:58 | Create | Villager (Male) |
Build order — JAVIXVZLA
First 150 of 582 actions detected
| 0:13 | Build | House |
| 0:14 | Build | House |
| 0:15 | Build | House |
| 0:18 | Research | Loom |
| 0:19 | Create | Villager (Male) |
| 0:19 | Create | Villager (Male) |
| 0:19 | Create | Villager (Male) |
| 0:19 | Create | Villager (Male) |
| 0:20 | Create | Villager (Male) |
| 0:20 | Create | Villager (Male) |
| 3:03 | Create | Villager (Male) |
| 3:04 | Create | Villager (Male) |
| 3:04 | Create | Villager (Male) |
| 3:04 | Create | Villager (Male) |
| 3:43 | Create | Villager (Male) |
| 3:43 | Create | Villager (Male) |
| 3:43 | Create | Villager (Male) |
| 5:10 | Create | Villager (Male) |
| 5:51 | Create | Villager (Male) |
| 5:51 | Create | Villager (Male) |
| 5:52 | Create | Villager (Male) |
| 5:52 | Create | Villager (Male) |
| 5:52 | Create | Villager (Male) |
| 5:52 | Create | Villager (Male) |
| 6:31 | Build | Lumber Camp |
| 8:16 | Create | Villager (Male) |
| 8:16 | Create | Villager (Male) |
| 8:16 | Create | Villager (Male) |
| 8:17 | Create | Villager (Male) |
| 8:17 | Create | Villager (Male) |
| 8:17 | Create | Villager (Male) |
| 8:17 | Create | Villager (Male) |
| 8:17 | Create | Villager (Male) |
| 8:18 | Create | Villager (Male) |
| 8:18 | Create | Villager (Male) |
| 8:18 | Create | Villager (Male) |
| 8:29 | Build | House |
| 8:49 | Create | Villager (Male) |
| 8:50 | Create | Villager (Male) |
| 9:35 | Build | Mill |
| 10:16 | Research | Feudal Age |
| 10:24 | Build | House |
| 10:25 | Build | House |
| 11:38 | Build | Barracks |
| 12:34 | Build | Mining Camp |
| 12:38 | Create | Villager (Male) |
| 12:39 | Create | Villager (Male) |
| 12:39 | Create | Villager (Male) |
| 12:45 | Research | Double-Bit Axe |
| 13:12 | Build | Farm |
| 13:17 | Create | Villager (Male) |
| 13:20 | Research | Man-at-Arms (upgrade) |
| 13:35 | Build | Farm |
| 13:48 | Build | Blacksmith |
| 13:56 | Create | Villager (Male) |
| 13:56 | Create | Villager (Male) |
| 13:56 | Create | Villager (Male) |
| 13:56 | Create | Villager (Male) |
| 14:04 | Build | Farm |
| 14:05 | Build | Farm |
| 14:08 | Build | Farm |
| 14:10 | Build | Farm |
| 14:29 | Build | Mining Camp |
| 14:49 | Build | Farm |
| 14:50 | Build | Farm |
| 15:17 | Research | Horse Collar |
| 15:46 | Build | Farm |
| 15:53 | Create | Villager (Male) |
| 15:54 | Create | Villager (Male) |
| 16:08 | Build | Archery Range |
| 16:59 | Build | Stone Wall |
| 17:10 | Build | Stone Wall |
| 17:29 | Create | Villager (Male) |
| 17:37 | Create | Villager (Male) |
| 18:48 | Build | Gate |
| 19:10 | Research | Castle Age |
| 19:15 | Research | Stone Mining |
| 19:27 | Build | Farm |
| 19:28 | Build | Farm |
| 19:35 | Build | Farm |
| 19:40 | Create | Militia |
| 19:40 | Create | Militia |
| 20:12 | Build | House |
| 20:13 | Build | House |
| 20:14 | Build | House |
| 20:16 | Build | House |
| 20:16 | Build | House |
| 20:18 | Build | House |
| 20:18 | Build | House |
| 20:39 | Create | Militia |
| 20:39 | Create | Militia |
| 20:48 | Create | Skirmisher |
| 20:48 | Create | Skirmisher |
| 20:52 | Research | Forging |
| 21:06 | Research | Gold Mining |
| 21:20 | Build | Farm |
| 21:46 | Build | Farm |
| 21:46 | Build | Farm |
| 21:48 | Build | Farm |
| 21:53 | Create | Villager (Male) |
| 21:53 | Create | Villager (Male) |
| 22:10 | Build | Town Center |
| 22:21 | Research | Town Watch |
| 22:37 | Build | University |
| 23:14 | Create | Villager (Male) |
| 23:14 | Create | Villager (Male) |
| 23:14 | Create | Villager (Male) |
| 23:28 | Research | Wheelbarrow |
| 23:33 | Create | Villager (Male) |
| 23:33 | Create | Villager (Male) |
| 23:44 | Build | Castle |
| 24:01 | Research | Bow Saw |
| 24:04 | Research | Long Swordsman (upgrade) |
| 24:17 | Build | Farm |
| 24:21 | Create | Villager (Male) |
| 24:21 | Create | Villager (Male) |
| 24:24 | Create | Villager (Male) |
| 24:25 | Create | Villager (Male) |
| 24:39 | Build | Farm |
| 25:05 | Build | Farm |
| 25:07 | Build | Farm |
| 25:10 | Build | Farm |
| 25:12 | Build | Farm |
| 25:15 | Build | Farm |
| 25:41 | Create | Villager (Male) |
| 25:41 | Create | Villager (Male) |
| 25:46 | Research | Heavy Plow |
| 25:56 | Create | Militia |
| 25:57 | Create | Militia |
| 26:00 | Research | Scale Mail Armor |
| 26:08 | Build | Farm |
| 26:14 | Build | Farm |
| 26:22 | Create | Villager (Male) |
| 26:22 | Create | Villager (Male) |
| 26:25 | Create | Villager (Male) |
| 26:25 | Create | Villager (Male) |
| 26:57 | Build | Siege Workshop |
| 27:10 | Create | Villager (Male) |
| 27:10 | Create | Villager (Male) |
| 27:13 | Create | Villager (Male) |
| 27:14 | Create | Villager (Male) |
| 27:20 | Create | Militia |
| 27:23 | Research | Chain Mail Armor |
| 27:33 | Build | Farm |
| 27:48 | Build | Farm |
| 27:56 | Research | Hand Cart |
| 28:20 | Build | Farm |
| 28:25 | Research | Ballistics |
| 28:36 | Research | Gold Shaft Mining |
| 29:07 | Create | Militia |
Match timeline
| 0:26 | I3Legacy · wall_segment Palisade Wall x11 |
| 0:42 | abraham-magallanes · wall_segment Palisade Wall x9 |
| 1:38 | I3Legacy · wall_segment Palisade Wall x11 |
| 1:57 | Rey Manco · wall_segment Palisade Wall x11 |
| 2:01 | 饥渴的右键 · wall_segment Palisade Wall x9 |
| 2:08 | Rey Manco · wall_segment Palisade Wall x9 |
| 5:13 | abraham-magallanes · wall_segment Palisade Wall x16 |
| 6:49 | Rey Manco · wall_segment Palisade Wall x6 |
| 8:55 | Antonio · wall_segment Palisade Wall x13 |
| 10:19 | guillo · age_up feudal |
| 10:28 | 饥渴的右键 · age_up feudal |
| 11:35 | Antonio · wall_segment Palisade Wall x11 |
| 11:38 | JAVIXVZLA · first_building Barracks |
| 11:55 | abraham-magallanes · age_up feudal |
| 14:38 | Antonio · age_up feudal |
| 14:47 | Antonio · wall_segment Stone Wall x11 |
| 14:59 | brunox.acosta · age_up feudal |
| 15:43 | abraham-magallanes · first_building Barracks |
| 16:08 | JAVIXVZLA · first_building Archery Range |
| 16:10 | I3Legacy · wall_segment Stone Wall x13 |
| 16:17 | 饥渴的右键 · age_up castle |
| 16:38 | I3Legacy · first_building Barracks |
| 16:52 | Rey Manco · age_up feudal |
| 16:55 | abraham-magallanes · first_building Archery Range |
| 16:59 | JAVIXVZLA · wall_segment Stone Wall x17 |
| 17:10 | JAVIXVZLA · wall_segment Stone Wall x8 |
| 17:12 | Antonio · first_market_buy 100 food |
| 17:39 | Antonio · age_up castle |
| 18:21 | 饥渴的右键 · first_building Barracks |
| 18:40 | I3Legacy · first_building Archery Range |
| 18:55 | guillo · age_up castle |
| 18:57 | abraham-magallanes · wall_segment Stone Wall x6 |
| 19:14 | abraham-magallanes · wall_segment Stone Wall x1 |
| 19:42 | Antonio · first_building Castle |
| 19:52 | 饥渴的右键 · first_building Siege Workshop |
| 21:26 | abraham-magallanes · wall_segment Stone Wall x1 |
| 21:51 | guillo · first_building Siege Workshop |
| 22:02 | Rey Manco · age_up castle |
| 22:03 | I3Legacy · first_building Monastery |
| 23:06 | brunox.acosta · age_up castle |
| 23:26 | Antonio · wall_segment Stone Wall x15 |
| 23:34 | abraham-magallanes · age_up castle |
| 23:44 | JAVIXVZLA · first_building Castle |
| 24:01 | Antonio · wall_segment Stone Wall x9 |
| 24:43 | I3Legacy · first_market_buy 100 wood |
| 25:15 | guillo · first_building Monastery |
| 25:56 | Rey Manco · first_building Castle |
| 26:22 | 饥渴的右键 · first_building Monastery |
| 26:33 | brunox.acosta · first_building Monastery |
| 26:57 | JAVIXVZLA · first_building Siege Workshop |
| 27:08 | I3Legacy · first_building Castle |
| 28:14 | 饥渴的右键 · first_building Stable |
| 28:22 | 饥渴的右键 · first_building Archery Range |
| 29:17 | abraham-magallanes · first_market_buy 100 stone |
| 29:36 | abraham-magallanes · first_building Castle |
| 29:52 | brunox.acosta · first_building Barracks |
| 29:58 | brunox.acosta · first_building Siege Workshop |
| 30:43 | 饥渴的右键 · first_building Castle |
| 31:10 | brunox.acosta · first_building Castle |
| 31:34 | 饥渴的右键 · age_up imperial |
| 31:40 | I3Legacy · first_building Siege Workshop |
| 31:51 | Antonio · wall_segment Stone Wall x17 |
| 32:31 | guillo · wall_segment Stone Wall x2 |
| 32:42 | guillo · wall_segment Stone Wall x1 |
| 32:46 | I3Legacy · first_building Stable |
| 33:19 | brunox.acosta · first_building Stable |
| 33:28 | brunox.acosta · age_up imperial |
| 33:54 | guillo · first_building Castle |
| 34:08 | guillo · age_up imperial |
| 35:26 | abraham-magallanes · first_building Siege Workshop |
| 35:30 | Rey Manco · age_up imperial |
| 35:44 | Rey Manco · first_building Siege Workshop |
| 36:02 | Antonio · age_up imperial |
| 36:03 | Rey Manco · first_building Barracks |
| 37:04 | JAVIXVZLA · first_building Monastery |
| 37:45 | Antonio · first_market_sell 100 wood |
| 38:49 | abraham-magallanes · age_up imperial |
| 39:43 | Antonio · first_building Siege Workshop |
| 41:11 | Rey Manco · first_building Monastery |
| 41:53 | abraham-magallanes · first_market_sell 100 food |
| 42:49 | brunox.acosta · first_market_sell 100 wood |
| 43:29 | abraham-magallanes · first_building Stable |
| 46:14 | abraham-magallanes · tribute_sent a jugador 1 |
| 46:14 | abraham-magallanes · tribute_sent a jugador 2 |
| 46:14 | abraham-magallanes · tribute_sent a jugador 3 |
| 46:14 | abraham-magallanes · tribute_sent a jugador 4 |
| 46:14 | abraham-magallanes · tribute_sent a jugador 5 |
| 46:14 | abraham-magallanes · tribute_sent a jugador 7 |
| 46:14 | abraham-magallanes · tribute_sent a jugador 8 |
| 48:00 | Antonio · wall_segment Stone Wall x17 |
| 48:44 | 饥渴的右键 · tribute_sent a jugador 2 |
| 48:44 | 饥渴的右键 · tribute_sent a jugador 3 |
| 48:44 | 饥渴的右键 · tribute_sent a jugador 4 |
| 48:44 | 饥渴的右键 · tribute_sent a jugador 5 |
| 48:44 | 饥渴的右键 · tribute_sent a jugador 6 |
| 48:44 | 饥渴的右键 · tribute_sent a jugador 7 |
| 48:44 | 饥渴的右键 · tribute_sent a jugador 8 |
| 48:56 | I3Legacy · first_market_sell 500 wood |
| 48:58 | guillo · tribute_sent a jugador 1 |
| 48:58 | guillo · tribute_sent a jugador 2 |
| 48:58 | guillo · tribute_sent a jugador 3 |
| 48:58 | guillo · tribute_sent a jugador 4 |
| 48:58 | guillo · tribute_sent a jugador 6 |
| 48:58 | guillo · tribute_sent a jugador 7 |
| 48:58 | guillo · tribute_sent a jugador 8 |
| 49:45 | Rey Manco · tribute_sent a jugador 1 |
| 49:45 | Rey Manco · tribute_sent a jugador 2 |
| 49:45 | Rey Manco · tribute_sent a jugador 3 |
| 49:45 | Rey Manco · tribute_sent a jugador 4 |
| 49:45 | Rey Manco · tribute_sent a jugador 5 |
| 49:45 | Rey Manco · tribute_sent a jugador 6 |
| 49:45 | Rey Manco · tribute_sent a jugador 8 |
| 52:12 | Antonio · first_building Stable |
| 52:17 | Rey Manco · resign |
| 52:53 | JAVIXVZLA · first_market_sell 100 food |
| 54:11 | Antonio · wall_segment Stone Wall x13 |
| 54:54 | guillo · wall_segment Stone Wall x10 |
| 55:07 | guillo · wall_segment Stone Wall x9 |
| 55:38 | 饥渴的右键 · wall_segment Stone Wall x22 |
| 55:40 | 饥渴的右键 · wall_segment Stone Wall x16 |
| 55:41 | 饥渴的右键 · wall_segment Stone Wall x15 |
| 60:17 | 饥渴的右键 · first_market_sell 500 wood |
[ AI ANALYSIS · 1 CREDIT ]
What really happened in this match?
Wolo.gg analyzes every decision: build order, eco, micro, common mistakes by bracket. Personalized analysis on WhatsApp or Discord in 30 seconds.
Civ guide
Khmer
Perfil
Jugador #7048686